 Dungeon Crawl Stone Soup version 0.16.2-2-g470672f (webtiles) character file.

12101 CrazyArbalest the Quickloader (level 11, 0/88 HPs)
             Began as a Centaur Hunter on Aug 17, 2015.
             Was an Initiate of Gozag.
             Slain by a yak (9 damage)
             ... on level 12 of the Dungeon.
             The game lasted 02:31:18 (18598 turns).

CrazyArbalest the Quickloader (Centaur Hunter)     Turns: 18598, Time: 02:31:18

Health: 0/88       AC: 11    Str: 15    XL:     11   Next: 58%
Magic:  9/9        EV: 11    Int: 17    God:    Gozag
Gold:   1702       SH:  0    Dex: 17    Spells: 0 memorised, 10 levels left

rFire  + . .     SeeInvis .     a - +1 short sword (elec)
rCold  . . .     Clarity  .     S - +0 scale mail {rF+}
rNeg   . . .     SustAb   .     (no shield)
rPois  +         Gourm    .     B - +1 helmet of True Grit {rElec Int+7}
rElec  +         Spirit   .     (no cloak)
rCorr  .         Warding  .     d - +1 pair of gloves
rMut   .         Stasis   .     (no barding)
MR     .....                    (no amulet)
Stlth  ..........               Z - +4 ring of dexterity (curse)
                                s - ring of poison resistance

@: very quick, not resistant to hostile enchantments, extremely unstealthy
A: hooves 3, deformed body, speed 2, tough skin 3
a: Potion Petition, Call Merchant, Bribe Branch, Renounce Religion


You were on level 12 of the Dungeon.
You worshipped Gozag.
Gozag was noncommittal.
You were not hungry.

You visited 2 branches of the dungeon, and saw 13 of its levels.

You collected 1768 gold pieces.
You paid 66 gold pieces to Gozag.

Inventory:

Hand weapons
 a - a +1 short sword of electrocution (weapon)
 b - a +1 hand crossbow
 c - a +2 flail of protection
 e - a +1 halberd of freezing
 h - a +2 flail of holy wrath
 k - a cursed +2 mace
 l - a +2 hand axe
 z - a +0 hunting sling
 J - the -1 mace "Xefohaf" {speed, rPois rC+ Int+4}
   (You found it on level 4 of the Dungeon)

   Attacks with this weapon are significantly faster.
   It affects your intelligence (+4).
   It protects you from cold.
   It protects you from poison.
Missiles
 A - 172 stones (quivered)
 D - 20 bolts
 E - 3 javelins
 I - 21 sling bullets
 R - 7 tomahawks of returning
Armour
 d - a +1 pair of gloves (worn)
 B - the +1 helmet of True Grit (worn) {rElec Int+7}
   (You found it on level 5 of the Dungeon)

   It affects your intelligence (+7).
   It insulates you from electricity.
 N - a +0 robe of fire resistance
 S - a +0 scale mail of fire resistance (worn)
Jewellery
 q - a +3 ring of evasion
 s - a ring of poison resistance (left hand)
 F - a +4 ring of protection
 T - an uncursed ring of protection from magic
 Z - a cursed +4 ring of dexterity (right hand)
Magical devices
 G - a wand of lightning (2)
 H - a wand of fire (0)
 V - a wand of fire (3)
 W - a wand of confusion (18)
Scrolls
 g - 3 scrolls of teleportation
 i - a scroll of silence {unknown}
 o - a scroll of enchant armour
 C - 2 scrolls of remove curse
 K - 2 scrolls of magic mapping
Potions
 j - a potion of might {unknown}
 p - 3 potions of heal wounds
Books
 m - a book of Air

   Spells                             Type                      Level
   a - Shock                          Conjuration/Air              1
   b - Swiftness                      Charms/Air                   2
   c - Repel Missiles                 Charms/Air                   2
   d - Flight                         Charms/Air                   3
   e - Static Discharge               Conjuration/Air              3
   f - Lightning Bolt                 Conjuration/Air              5
Miscellaneous
 f - a legendary deck of destruction
Comestibles
 n - 7 meat rations
 L - 2 bread rations


   Skills:
 + Level 5.6 Fighting
 + Level 2.7 Short Blades
 + Level 3.4 Maces & Flails
 - Level 10.0 Slings
 * Level 11.0 Crossbows
 + Level 5.0 Armour
 + Level 6.6 Dodging
 + Level 1.3 Stealth
 + Level 1.0 Evocations


You had 10 spell levels left.
You didn't know any spells.

Dungeon Overview and Level Annotations

Branches:
Dungeon (12/15)            Temple (1/1) D:5            Lair (0/8) D:8
    Orc: D:9-12

Altars:
Ashenzari
Cheibriados
Dithmenos
Elyvilon
Fedhas
Gozag
Kikubaaqudgha
Makhleb
Nemelex Xobeh
Okawaru
Qazlal
Ru
Sif Muna
Trog
Vehumet
Xom
Yredelemnul
Zin
The Shining One

Annotations:
D:4 Grinder


Innate Abilities, Weirdness & Mutations

You have hooves in place of feet.
Armour fits poorly on your strangely shaped body.
You cover ground very quickly.
You have extremely tough skin (AC +3).


Message History

The yak is lightly wounded.
The yak gores you but does no damage.
You barely miss the yak. You kick the yak, but do no damage.
The yak is lightly wounded.
The yak is distracted by the nearby gold.
The yak bellows!
You hit the yak.
There is a sudden explosion of sparks!
The yak is no longer distracted by gold.
You kick the yak, but do no damage.
The yak is severely wounded.
The yak misses you.
You hit the yak but do no damage. You kick the yak, but do no damage.
The yak is severely wounded.
The yak gores you!
* * * LOW HITPOINT WARNING * * *
You hit the yak but do no damage.
The yak is severely wounded.
The yak gores you!
You die...
Your body crumbles into a pile of gold.

#############
#...........#
#.........#.#
.##.####...##.#.#
..........>..<..#
.#######.########.
#..................
.########.##########
...[..(Y@.........
.########.#######
#.# #.# #.# #.# #.#
#.# .


You could see a yak.

Vanquished Creatures
  Erolcha (D:11)
  A hill giant (D:10)
  A manticore (D:11)
  Psyche (D:11)
  2 trolls
  A merfolk (D:10)
  Prince Ribbit (D:6)
  A two-headed ogre (D:10)
  A deep elf mage (D:11)
  2 wyverns
  5 yaks (D:12)
  A shadow (D:11)
  A hungry ghost (D:10)
  4 wolves
  A steam dragon (D:11)
  2 water moccasins
  Edmund (D:6)
  2 orc warriors
  4 ogres
  7 phantoms
  2 sky beasts (D:11)
  3 ice beasts
  A black bear (D:10)
  A necrophage (D:11)
  3 wasps
  9 centaurs
  A crocodile (D:7)
  A big kobold (D:11)
  4 giant frogs
  A scorpion (D:12)
  4 jellies
  25 killer bees
  5 electric eels (D:8)
  4 wights
  A centaur zombie (D:6)
  A crimson imp (D:2)
  10 hounds
  4 centaur skeletons
  4 orc priests
  2 orc wizards (D:6)
  3 giant frog skeletons
  2 iguanas
  8 worker ants
  A killer bee zombie (D:11)
  A hound zombie (D:7)
  A hound skeleton (D:4)
  A worker ant zombie (D:5)
  13 adders
  7 gnolls
  7 worms
  2 adder skeletons
  7 giant geckos
  An ooze (D:1)
  27 orcs
  14 bats
  2 bat skeletons (D:4)
  6 giant cockroaches
  7 goblins
  20 hobgoblins
  10 jackals
  25 kobolds
  3 quokkas
  2 ball pythons
  A giant cockroach zombie (D:5)
  A giant gecko skeleton (D:5)
  A giant gecko zombie (D:7)
  6 giant newts
  2 giant spores
  15 rats
  6 ballistomycetes
328 creatures vanquished.

Vanquished Creatures (others)
  An ogre (D:9)
  A giant spore (D:11)
  3 ballistomycetes (D:11)
5 creatures vanquished.

Grand Total: 333 creatures vanquished

Notes
Turn   | Place    | Note
--------------------------------------------------------------
     0 | D:1      | CrazyArbalest, the Centaur Hunter, began the quest for the Orb.
     0 | D:1      | Reached XP level 1. HP: 17/17 MP: 1/1
   320 | D:1      | Reached XP level 2. HP: 24/24 MP: 2/2
   388 | D:1      | Reached skill level 5 in Crossbows
  1387 | D:2      | Reached XP level 3. HP: 27/29 MP: 3/3
  1625 | D:2      | Found an opulent altar of Gozag.
  1895 | D:2      | Reached XP level 4. HP: 36/36 MP: 3/3
  2120 | D:2      | Found a burning altar of Makhleb.
  2145 | D:2      | Reached skill level 1 in Armour
  2758 | D:3      | Reached XP level 5. HP: 24/42 MP: 4/4
  2929 | D:3      | Reached skill level 6 in Crossbows
  3992 | D:4      | Got an ivory mace
  4391 | D:4      | Reached XP level 6. HP: 50/50 MP: 5/5
  4404 | D:4      | Found a shimmering altar of Xom.
  4477 | D:4      | Noticed Grinder
  4480 | D:4      | Paralysed by Grinder for 2 turns
  4915 | D:2      | Became a worshipper of Gozag Ym Sagoz the Greedy
  5110 | D:4      | Identified the cursed -1 mace "Xefohaf" {speed, rPois rC+ Int+4} (You found it on level 4 of the Dungeon)
  5125 | D:5      | Entered Level 5 of the Dungeon
  5288 | D:5      | Got a faintly glowing helmet
  5532 | D:5      | Found a staircase to the Ecumenical Temple.
  5537 | Temple   | Entered the Ecumenical Temple
  5816 | D:5      | Reached XP level 7. HP: 56/56 MP: 5/5
  5844 | D:5      | Found a blossoming altar of Fedhas.
  5882 | D:5      | Found a white marble altar of Elyvilon.
  5972 | D:5      | You fall through a shaft for 3 floors!
  6102 | D:7      | Reached skill level 7 in Crossbows
  6220 | D:6      | Noticed Edmund
  6465 | D:6      | Killed Edmund
  6665 | D:6      | Found a white marble altar of Elyvilon.
  6742 | D:5      | Reached XP level 8. HP: 47/62 MP: 6/6
  6795 | D:5      | Reached skill level 1 in Maces & Flails
  7459 | D:6      | Noticed Prince Ribbit
  7578 | D:6      | Reached skill level 5 in Slings
  7922 | D:6      | Found a bloodstained altar of Trog.
  8240 | D:6      | Found a glowing silver altar of Zin.
  8338 | D:6      | Killed Prince Ribbit
  8711 | D:7      | Reached skill level 8 in Crossbows
  8711 | D:7      | Reached XP level 9. HP: 70/70 MP: 7/7
 10265 | Temple   | Identified the +1 helmet of True Grit {rElec Int+7} (You found it on level 5 of the Dungeon)
 11146 | D:8      | Noticed a wyvern
 11159 | D:8      | Killed a wyvern
 11270 | D:8      | Noticed a troll
 11898 | D:8      | Found a staircase to the Lair.
 11968 | D:8      | Reached skill level 1 in Evocations
 12061 | D:8      | Reached skill level 5 in Dodging
 12061 | D:8      | Reached XP level 10. HP: 61/79 MP: 8/8
 12580 | D:8      | Killed a troll
 12580 | D:8      | Reached skill level 1 in Stealth
 12639 | D:7      | Reached skill level 9 in Crossbows
 12711 | D:9      | Found a shattered altar of Ashenzari.
 12881 | D:9      | Found a sparkling altar of Nemelex Xobeh.
 12932 | D:9      | Reached skill level 1 in Short Blades
 13329 | D:9      | Found a shadowy altar of Dithmenos.
 13997 | D:10     | Entered Level 10 of the Dungeon
 14279 | D:10     | Noticed a hill giant
 14394 | D:10     | Killed a hill giant
 15713 | D:10     | Reached skill level 10 in Crossbows
 16728 | D:11     | Noticed a manticore
 16782 | D:11     | Reached XP level 11. HP: 73/85 MP: 9/9
 16825 | D:11     | Noticed Erolcha
 16845 | D:11     | Killed Erolcha
 16845 | D:11     | Reached skill level 10 in Slings
 16902 | D:11     | Noticed Psyche
 16918 | D:11     | Killed Psyche
 16918 | D:11     | Reached skill level 5 in Fighting
 17258 | D:11     | Killed a manticore
 18226 | D:11     | Reached skill level 11 in Crossbows
 18575 | D:12     | Reached skill level 5 in Armour
 18598 | D:12     | Slain by a yak

Action                   |  1- 3 |  4- 6 |  7- 9 | 10-12 || total
-------------------------+-------+-------+-------+-------++-------
Melee: Short sword       |   113 |   178 |    68 |   410 ||   769
       Dagger            |       |    87 |    17 |       ||   104
       Mace              |       |    17 |   522 |    65 ||   604
       Flail             |       |       |       |     3 ||     3
 Fire: Hand crossbow     |    26 |    37 |    27 |    99 ||   189
       Hunting sling     |       |    57 |   239 |   338 ||   634
Throw: Stone             |       |       |       |     4 ||     4
       Javelin           |       |       |       |     2 ||     2
Evoke: Wand              |       |       |    11 |     6 ||    17
  Use: Scroll            |       |     6 |       |     5 ||    11
       Potion            |       |       |     1 |     1 ||     2
  Eat: Chunk             |     2 |     9 |       |       ||    11
       Bread ration      |       |       |     3 |     4 ||     7
       Beef jerky        |       |       |     2 |     1 ||     3
       Pizza             |       |       |     1 |       ||     1
